 Dungeon Crawl Stone Soup version 0.16-a0-3712-g87ae24a (console) character file.

19 MrRokkomies the Insei (level 2, -16/18 HPs)
             Began as an Octopode Transmuter on Jan 20, 2015.
             Demolished by Crazy Yiuf
             ... wielding a +4 quarterstaff of chaos
              (17 damage)
             ... on level 3 of the Dungeon.
             The game lasted 00:03:51 (1452 turns).

MrRokkomies the Insei (Octopode Transmuter)         Turns: 1452, Time: 00:03:52

Health: -16/18     AC:  1    Str:  9    XL:     2   Next: 75%
Magic:  3/4        EV: 12    Int: 15    God:
Gold:   22         SH:  0    Dex: 12    Spells: 1 memorised, 4 levels left

rFire  . . .     SeeInvis .       - Unarmed
rCold  . . .     Clarity  .     (no shield)
rNeg   . . .     SustAb   .     (helmet restricted)
rPois  .         Gourm    .     (no amulet)
rElec  .         Spirit   .     (no ring)
rCorr  .         Warding  .     (no ring)
rMut   .         Stasis   .     (no ring)
MR     .....                    (no ring)
Stlth  ++........               (no ring)
                                (no ring)
                                (no ring)
                                (no ring)

@: appendage, not resistant to hostile enchantments, unstealthy
A: almost no armour, amphibious, 8 rings, constrict 8, tentacle spike 3,
camouflage 1, gelatinous body 1
a: End Transformation


You were on level 3 of the Dungeon.
You were near starving.
One of your tentacles had a temporary spike.
You visited 1 branch of the dungeon, and saw 3 of its levels.

You collected 22 gold pieces.

Inventory:

Missiles
 b - 12 arrows
 e - 22 poisoned needles
Scrolls
 h - a scroll of fear
Potions
 c - 3 potions of might {unknown}
 f - a potion of heal wounds {unknown}
Books
 d - a book of Changes

   Spells                             Type                      Level
   a - Beastly Appendage              Transmutation                1
   b - Sticks to Snakes               Transmutation                2
   c - Spider Form                    Transmutation/Poison         3
   d - Ice Form                       Ice/Transmutation            4
   e - Blade Hands                    Transmutation                5
Comestibles
 a - a bread ration
 g - a slice of pizza


   Skills:
 - Level 1.0 Fighting
 - Level 2.0 Dodging
 + Level 0.4 Stealth
 * Level 3.5 Unarmed Combat
 - Level 2.0 Spellcasting
 * Level 2.4 Transmutations


You had 4 spell levels left.
You knew the following spells:

 Your Spells              Type           Power        Failure   Level  Hunger
a - Beastly Appendage     Trmt           #.....       12%         1    #......


Dungeon Overview and Level Annotations

Branches:
Dungeon (3/15)

Altars:

Annotations:
D:3 Crazy Yiuf


Innate Abilities, Weirdness & Mutations

You cannot wear most types of armour.
You are amphibious.
You can wear up to eight rings at the same time.
You can use your tentacles to constrict many enemies at once.
Your skin changes colour to match your surroundings (Stealth).
Your rubbery body absorbs attacks (AC +1).
One of your tentacles bears a large vicious spike.


Message History

A goblin comes into view.
You hear the brisk rusting of a drain, a long way away.
You start resting.
Casting: Beastly Appendage
Confirm with . or Enter, or press ? or * to list all spells.
One of your tentacles grows a vicious spike.
You open the door.
Crazy Yiuf the Enlightened comes into view.
He is wielding a quarterstaff of chaos.
Found a hammer.
There is an open door here.
Crazy Yiuf hits you with a quarterstaff of chaos!
Ouch! That really hurt!
* * * LOW HITPOINT WARNING * * *
You tentacle-slap Crazy Yiuf. You grab Crazy Yiuf.
You tentacle-slap Crazy Yiuf, but do no damage.
Crazy Yiuf is lightly wounded.
You constrict Crazy Yiuf.
Crazy Yiuf hits you with a quarterstaff of chaos!
Ouch! That really hurt!
You die...

##### #)g.#
#.@.# ...
#...# #....
##W## #...g
♣.♣♣ .##...#
♣♣.♣ ......#
♣.♣♣ ....#
♣♣.♣ #.##
♣♣.♣♣
#########...
♣♣...♣
#...........


You could see a phantom and Crazy Yiuf.

Vanquished Creatures
  An ooze (D:1)
  3 orcs (D:3)
  A ball python (D:1)
  A bat (D:1)
  2 giant cockroaches
  2 goblins (D:1)
  A hobgoblin (D:1)
  2 rats (D:1)
13 creatures vanquished.

Notes
Turn   | Place    | Note
--------------------------------------------------------------
     0 | D:1      | MrRokkomies, the Octopode Transmuter, began the quest for the Orb.
     0 | D:1      | Reached XP level 1. HP: 13/13 MP: 3/3
   337 | D:1      | Reached XP level 2. HP: 4/18 MP: 2/4
  1177 | D:2      | You fall through a shaft!
  1189 | D:3      | Noticed a phantom
  1448 | D:3      | Noticed Crazy Yiuf
  1452 | D:3      | Demolished by Crazy Yiuf

Action                   || total
-------------------------++-------
Melee: Unarmed           ||    45
 Cast: Beastly Appendage ||     4
  Use: Scroll            ||     2
 Stab: Sleeping          ||     4
